 Dungeon Crawl Stone Soup version 0.32-a0-818-gb728d0252e (webtiles) character file.

Game seed: 7775351266163298393

56799 hikkokomori the Severer (level 14, 0/133 HPs)
             Began as a Minotaur Fighter on Mar 23, 2024.
             Was a High Priest of Okawaru.
             Slain by Saint Roka
             ... wielding a +0 long sword
              (25 damage)
             ... on level 2 of the Orcish Mines.
             The game lasted 00:43:38 (20174 turns).

hikkokomori the Severer (Minotaur Fighter)         Turns: 20174, Time: 00:43:39

Health: 0/133      AC: 41    Str: 33    XL:     14   Next: 43%
Magic:  13/19      EV: 10    Int: 10    God:    Okawaru [*****.]
Gold:   1565       SH:  7    Dex: 12    Spells: 18/21 levels left

rFire   + + .        z - +4 broad axe of the Chewing Puffin {freeze, rC- Str+4 Int+3 Dex+4}
rCold   + . .        c - +0 buckler
rNeg    . . .        S - +11 gold dragon scales of Erusal {Harm rPois rF+ rC+ rCorr SInv}
rPois   +            (helmet restricted)
rElec   +            i - +0 cloak
rCorr   +            y - +2 pair of gloves {Stlth+}
SInv    +            J - +2 pair of boots
Will    +....        (no amulet) Stlth
                     e - ring "Trusted Companion" {rElec rF+ rC+ Str+6 Dex-3}
HPRegen 0.42/turn    B - ring of flight
MPRegen 0.16/turn

%: harm (+30% outgoing, +20% incoming)
@: heroic, finesse-ful, flying, studying Axes
A: horns 2, retaliatory headbutt
a: Renounce Religion, Heroism, Finesse, Duel


You were on level 2 of the Orcish Mines.
You worshipped Okawaru.
Okawaru was extremely pleased with you.
You visited 4 branches of the dungeon, and saw 19 of its levels.
You also visited: Volcano.

You collected 1910 gold pieces.
You spent 345 gold pieces at shops.

Inventory:

Hand Weapons
 a - a +4 war axe of venom
 u - a +1 broad axe of venom
 z - the +4 broad axe of the Chewing Puffin (weapon) {freeze, rC- Str+4 Int+3 Dex+4}
   (Okawaru gifted it to you on level 1 of the Lair of Beasts)

   Str+4:     It affects your strength (+4).
   Int+3:     It affects your intelligence (+3).
   Dex+4:     It affects your dexterity (+4).
   rC-:       It makes you vulnerable to cold.
 W - a +1 scimitar of flaming
Missiles
 k - 6 darts of dispersal
 x - 7 javelins
 C - 9 atropa-tipped darts
 F - 5 silver javelins
 H - 17 boomerangs (quivered)
 X - a throwing net
 Y - 9 curare-tipped darts
Armour
 c - a +0 buckler (worn)
 i - a +0 cloak (worn)
 y - a +2 pair of gloves of stealth (worn)
 J - a +2 pair of boots (worn)
 S - the +11 gold dragon scales of Erusal (worn) {Harm rPois rF+ rC+ rCorr SInv}
   (Okawaru gifted it to you on level 1 of the Lair of Beasts)

   rF+:       It protects you from fire.
   rC+:       It protects you from cold.
   rPois:     It protects you from poison.
   SInv:      It lets you see invisible.
   rCorr:     It protects you from acid and corrosion.
   Harm:      It increases damage dealt and taken.
Jewellery
 e - the ring "Trusted Companion" (left hand) {rElec rF+ rC+ Str+6 Dex-3}
   (You acquired it on level 3 of the Lair of Beasts)

   [ring of strength]

   Str+6:     It affects your strength (+6).
   Dex-3:     It affects your dexterity (-3).
   rF+:       It protects you from fire.
   rC+:       It protects you from cold.
   rElec:     It insulates you from electricity.
 B - a ring of flight (right hand)
 D - a +4 ring of protection
 V - a +6 ring of intelligence
Wands
 L - a wand of polymorph (4)
 M - a wand of digging (3)
 N - a wand of flame (23)
 R - a wand of roots (16)
 U - a wand of quicksilver (4)
Scrolls
 f - 2 scrolls of silence
 g - 5 scrolls of teleportation
 j - a scroll of vulnerability
 o - 3 scrolls of enchant weapon
 q - 2 scrolls of blinking
 r - 3 scrolls of amnesia
 t - 2 scrolls of summoning
 A - 2 scrolls of fog
 G - a scroll of revelation
 K - 6 scrolls of enchant armour
 Z - a scroll of poison
Potions
 b - 2 potions of mutation
 d - 6 potions of might
 h - 2 potions of brilliance {unknown}
 l - 6 potions of haste
 m - 3 potions of heal wounds
 n - 3 potions of enlightenment
 p - a potion of berserk rage {unknown}
 s - 2 potions of attraction
 v - 4 potions of curing
 w - 2 potions of ambrosia
 E - 3 potions of lignification
 I - a potion of resistance {unknown}
 O - 4 potions of cancellation
 P - a potion of magic
 Q - 3 potions of invisibility
Miscellaneous
 T - a phantom mirror


   Skills:
 + Level 14.4(19.4) Fighting
 + Level 17.3(22.3) Axes
 - Level 8.0(13.0) Throwing
 + Level 12.5(17.5) Armour
 - Level 7.0(12.0) Dodging
 + Level 10.0(15.0) Shields
 - Level 4.0 Spellcasting
 - Level 5.0 Necromancy
 - Level 4.5 Invocations
 - Level 4.5 Evocations


You had 18 spell levels left.
You knew the following spells:

 Your Spells              Type           Power      Damage    Failure   Level
a - Fugue of the Fallen   Necr           12%        N/A       71%         3

Your spell library contained the following spells:

 Spells                   Type           Power      Damage    Failure   Level
 Sublimation of Blood     Necr           12%        N/A       47%         2
 Cigotuvi's Dreadful Rot  Necr/Alch/Air  10%        N/A       91%         2
 Foxfire                  Conj/Fire      8%         2x1d4     95%         1
 Sting                    Conj/Alch      8%         1d3       95%         1
 Dazzling Flash           Conj/Hex       4%         N/A       100%        3
 Frozen Ramparts          Ice            4%         1d1       100%        3
 Hailstorm                Conj/Ice       2%         3d5       100%        3
 Mephitic Cloud           Conj/Alch/Air  2%         N/A       100%        3
 Ozocubu's Armour         Ice            2%         N/A       100%        3
 Sigil of Binding         Hex            2%         N/A       100%        3
 Volatile Blastmotes      Fire/Tloc      4%         2d10      100%        3
 Dimensional Bullseye     Hex/Tloc       1%         N/A       100%        4
 Fulminant Prism          Conj/Alch      1%         3d5       100%        4
 Iskenderun's Mystic Bla  Conj/Tloc      2%         2d3       100%        4
 Manifold Assault         Tloc           2%         N/A       100%        4
 Alistair's Intoxication  Alch           1%         N/A       100%        5
 Borgnjor's Vile Clutch   Necr/Erth      3%         N/A       100%        5
 Curse of Agony           Necr           12%        N/A       100%        5
 Metabolic Englaciation   Hex/Ice        1%         N/A       100%        5
 Silence                  Hex/Air        1%         N/A       100%        5
 Eringya's Noxious Bog    Alch           1%         4d6       100%        6
 Permafrost Eruption      Ice/Erth       1%         2x4d2     100%        6
 Call Imp                 Summ           Unusable   N/A       N/A         2
 Call Canine Familiar     Summ           Unusable   N/A       N/A         3
 Summon Ice Beast         Ice/Summ       Unusable   N/A       N/A         3
 Sculpt Simulacrum        Ice/Alch       Unusable   N/A       N/A         6
 Summon Hydra             Summ           Unusable   N/A       N/A         7

Dungeon Overview and Level Annotations

Branches:
Dungeon (11/15)            Temple (1/1) D:5            Lair (5/5) D:11
  Swamp (0/4) Lair:2        Snake (0/4) Lair:2        Slime (0/5) Lair:4
    Orc (2/2) D:10        Volcano (visited)
    Elf: Orc:2

Altars:
Ashenzari
Cheibriados
Dithmenos
Elyvilon
Fedhas
Gozag
Hepliaklqana
Kikubaaqudgha
Makhleb
Nemelex Xobeh
Okawaru
Qazlal
Ru
Sif Muna
Trog
Uskayaw
Vehumet
Wu Jian
Xom
Yredelemnul
Zin
The Shining One

Shops:
D:5 :   D:6 =   D:7 *   D:9 *   D:11 :   Orc:1 *!(:*

Annotations:
D:9 3 runed translucent doors, AutarchDCSS's ghost, novice VSCK
Orc:2 Saint Roka


Innate Abilities, Weirdness & Mutations

You have a pair of horns on your head.
You reflexively headbutt those who attack you in melee.


Message History

You resist with some effort.
Saint Roka calls down the wrath of Beogh upon you.
Beogh smites you!
* * * LOW HITPOINT WARNING * * *
You open the orc sorcerer like a pillowcase!!!
You freeze the orc sorcerer.
You kill the orc sorcerer!
Okawaru accepts your kill.
The hellwing disappears in a puff of smoke!
You slice the ogre!! You freeze the ogre.
You kill the ogre!
Okawaru accepts your kill.
An orc comes into view. It is wielding a +0 hand axe.
Items here: )) [[ ††.
You slash Saint Roka! You freeze Saint Roka. You headbutt Saint Roka!
Saint Roka is moderately wounded.
You slice Saint Roka!! You freeze Saint Roka! Your headbutt misses Saint Roka.
Saint Roka is moderately wounded.
Saint Roka roars a battlecry!
The orc goes into a battle-frenzy!
You hit Saint Roka but do no damage. You headbutt Saint Roka!
Saint Roka is heavily wounded.
You slash the orc! You freeze the orc.
You kill the orc!
You hit Saint Roka but do no damage. You headbutt Saint Roka.
Saint Roka is heavily wounded.
You slice Saint Roka!! You freeze Saint Roka.
Saint Roka is heavily wounded.
Saint Roka mumbles some strange prayers to Beogh against you.
Beogh smites you!
* * * LOW HITPOINT WARNING * * *
The orc warrior misses you.
You slash Saint Roka! You freeze Saint Roka. You headbutt Saint Roka.
Saint Roka is severely wounded.
You hit Saint Roka. You freeze Saint Roka. You headbutt Saint Roka.
Saint Roka is severely wounded.
You block the orc warrior's attack.
Saint Roka hits you with a +0 long sword!!
You die...
Saint Roka roars, "Praise to Beogh!"

#..## #..'......#
#♣...###.)#)####.#####.
♣
#.....#####.#..#.......
P##......####)'.)#.....#
..#......'....#..#..⌠..#
.........####.####)....#
..........###....)$....#
..........#.####)#####.#
........#....# #@#
...#....#....###o#
........##..#.##o#
..#..)).##..####o.
.##..).##.### #'#
.###.##.### $..
...#####.# ###...
..).##..## #..####
..).###..##.......


You could see Saint Roka, an orc warrior (strong) and an orc (strong).

Vanquished Creatures
  A reaper (Lair:4)
  Harold (D:10)
  A catoblepas (Lair:5)
  2 boulder beetles
  3 hydras (Lair:5)
  Erica (Lair:2)
  5 two-headed ogres
  A hell hog (Volcano)
  3 skysharks
  Sonja (Lair:4)
  A fire crab (Volcano)
  2 manticores
  A salamander (Lair:2)
  A faun (Lair:5)
  2 cyclopes
  An ugly thing (D:11)
  3 orc sorcerers (Orc:2)
  6 black mambas
  A molten gargoyle (Volcano)
  3 torpor snails
  10 cane toads
  3 rime drakes
  Jeremiah (Lair:1)
  8 komodo dragons
  An unseen horror (D:10)
  8 hornets
  4 polar bears (Lair:5)
  3 trolls
  6 blink frogs
  17 dream sheep
  A ynoxinul (D:8)
  8 wyverns
  36 yaks
  2 shadows
  16 spriggans
  A wraith (D:10)
  9 fire bats (Volcano)
  A human (Lair:4)
  5 basilisks
  3 wargs
  3 steam dragons
  3 vampire mosquitoes (Lair:2)
  3 nagas (Lair:2)
  Menkaure (D:6)
  2 acid dragons
  2 hell hounds (Lair:4)
  14 water moccasins
  18 orc warriors
  2 ice beasts
  3 black bears (Lair:5)
  2 sky beasts (D:8)
  3 boggarts (Lair:5)
  6 ogres
  35 wolves
  5 centaurs
  2 kobold brigands
  11 bullfrogs
  3 scorpions
  A burial acolyte (D:8)
  4 wights (D:9)
  13 killer bees
  A howler monkey (D:6)
  4 electric eels
  3 bombardier beetles
  A gnoll bouda (D:7)
  6 lava snakes (Volcano)
  4 hounds
  3 jellies
  4 orc priests
  2 iguanas
  A sleepcap (D:8)
  11 orc wizards
  7 gnolls
  7 adders
  2 white imps
  3 adder zombies (D:8)
  4 dart slugs
  3 ribbon worms
  55 orcs
  5 bats
  9 endoplasms
  3 giant cockroaches (D:1)
  8 goblins
  8 hobgoblins
  12 jackals
  3 quokkas
  6 ball pythons
  3 frilled lizards
  7 kobolds
  A rat (D:1)
505 creatures vanquished.

Vanquished Creatures (others)
  A steam dragon (Volcano)
1 creature vanquished.

Grand Total: 506 creatures vanquished

Notes
Turn   | Place    | Note
-------+----------+-------------------------------------------
     0 | D:1      | hikkokomori the Minotaur Fighter began the quest for the
                  | Orb.
     0 | D:1      | Reached XP level 1. HP: 19/19 MP: 0/0
   227 | D:1      | Reached XP level 2. HP: 27/27 MP: 1/1
   711 | D:1      | Reached XP level 3. HP: 33/33 MP: 2/2
   944 | D:2      | Reached skill level 3 in Axes
  1022 | D:2      | Reached skill level 1 in Throwing
  1165 | D:2      | Found a faded altar of an unknown god.
  1194 | D:2      | Reached XP level 4. HP: 33/40 MP: 3/3
  1809 | D:3      | Found a white marble altar of Elyvilon.
  2101 | D:3      | Reached XP level 5. HP: 47/47 MP: 4/4
  2305 | D:3      | Found an ornate altar of the Wu Jian Council.
  2954 | D:4      | Found a hazy altar of Hepliaklqana.
  3083 | D:4      | Reached skill level 4 in Axes
  3083 | D:4      | Reached XP level 6. HP: 25/55 MP: 5/5
  3306 | D:5      | Entered Level 5 of the Dungeon
  3335 | D:5      | Reached skill level 5 in Shields
  3340 | D:5      | Reached skill level 5 in Fighting
  3383 | D:5      | Found Qaur's Tremendous Tomes.
  3613 | D:5      | Reached skill level 5 in Armour
  3908 | D:5      | Found a staircase to the Ecumenical Temple.
  4053 | D:5      | Found a sparkling altar of Nemelex Xobeh.
  4054 | D:5      | Found a sacrificial altar of Ru.
  4193 | Temple   | Entered the Ecumenical Temple
  4193 | Temple   | Noticed an orange demon
  4193 | Temple   | Noticed a Hell Sentinel
  4193 | Temple   | Noticed a tormentor
  4194 | Temple   | Noticed Tiedos the pandemonium lord
  4194 | Temple   | Noticed Meffoc the pandemonium lord
  4210 | Temple   | Became a worshipper of Warmaster Okawaru
  4225 | Temple   | Noticed a Tzitzimitl
  4226 | Temple   | Noticed Saaleut the pandemonium lord
  4226 | Temple   | Noticed a soul eater
  4270 | D:6      | Noticed an ice beast
  4276 | D:6      | Killed an ice beast
  4277 | D:6      | Reached XP level 7. HP: 49/61 MP: 6/6
  4284 | D:6      | Noticed Menkaure
  4289 | D:6      | Killed Menkaure
  4290 | D:6      | Reached skill level 5 in Axes
  4328 | D:6      | Reached * piety under Okawaru
  4631 | D:6      | Reached XP level 8. HP: 71/71 MP: 7/7
  4633 | D:6      | Found Ebatil's Jewellery Shoppe.
  4671 | D:6      | Learned a level 3 spell: Fugue of the Fallen
  4749 | D:6      | Found a shadowy altar of Dithmenos.
  5144 | D:7      | Reached skill level 1 in Dodging
  5181 | D:7      | Noticed a hornet
  5192 | D:7      | Killed a hornet
  5192 | D:7      | Reached ** piety under Okawaru
  5193 | D:7      | Reached skill level 6 in Axes
  5193 | D:7      | Reached skill level 1 in Invocations
  5657 | D:7      | Found Kieschuq's Island Escapes.
  5824 | D:7      | Found a radiant altar of Vehumet.
  5892 | D:7      | Identified the flux talisman "Pukhli" {rF+ Will- Dex+5}
  6004 | D:7      | Reached skill level 5 in Throwing
  6019 | D:8      | Reached XP level 9. HP: 34/79 MP: 8/10
  6221 | D:8      | Reached skill level 7 in Axes
  6291 | D:8      | Reached *** piety under Okawaru
  6462 | D:8      | Found an ancient bone altar of Kikubaaqudgha.
  6488 | D:8      | Found a basalt altar of Yredelemnul.
  6491 | D:8      | Found a shimmering altar of Xom.
  6638 | D:8      | Found a shimmering blue altar of Sif Muna.
  6703 | D:8      | Got Sif Muna's Parchment of Incandescent Contamination
  6708 | D:8      | Found a bloodstained altar of Trog.
  6708 | D:8      | Noticed a troll
  6720 | D:8      | Killed a troll
  7039 | D:8      | Reached **** piety under Okawaru
  7079 | D:8      | Reached skill level 8 in Axes
  7190 | D:9      | Found Wechyps's General Store.
  7195 | D:9      | Reached skill level 5 in Dodging
  7234 | D:9      | Bought a potion of curing for 39 gold pieces
  7337 | D:9      | Noticed a two-headed ogre
  7343 | D:9      | Killed a two-headed ogre
  7344 | D:9      | Reached skill level 1 in Evocations
  7344 | D:9      | Reached XP level 10. HP: 80/90 MP: 12/12
  7494 | D:9      | Reached ***** piety under Okawaru
  7506 | D:9      | Found a glowing silver altar of Zin.
  7507 | D:9      | Noticed an angel
  7573 | D:9      | Found a runed translucent gate.
  7573 | D:9      | Found a runed translucent gate.
  7573 | D:9      | Found a runed translucent gate.
  7574 | D:9      | Noticed AutarchDCSS's ghost (novice VSCK)
  8054 | D:10     | Entered Level 10 of the Dungeon
  8054 | D:10     | Noticed Harold
  8067 | D:10     | Killed Harold
  8253 | D:10     | Noticed a two-headed ogre
  8260 | D:10     | Killed a two-headed ogre
  8261 | D:10     | Reached skill level 9 in Axes
  8477 | D:10     | Noticed a two-headed ogre
  8478 | D:10     | Found a snail-covered altar of Cheibriados.
  8484 | D:10     | Killed a two-headed ogre
  8484 | D:10     | Received a gift from Okawaru
  8679 | D:10     | Found an opulent altar of Gozag.
  8680 | D:10     | Found a blossoming altar of Fedhas.
  8780 | D:10     | Reached skill level 10 in Fighting
  8780 | D:10     | Reached XP level 11. HP: 38/99 MP: 13/13
  9007 | D:10     | Found a staircase to the Orcish Mines.
  9857 | D:11     | Upgraded the game from 0.32-a0-814-g0968bab981 to
                  | 0.32-a0-818-gb728d0252e
  9906 | D:11     | Noticed a brown ugly thing
  9915 | D:11     | Killed a brown ugly thing
  9957 | D:11     | Reached skill level 10 in Axes
  9957 | D:11     | Reached skill level 1 in Necromancy
 10451 | D:11     | Received a gift from Okawaru
 10621 | D:11     | Found a staircase to the Lair.
 10784 | D:11     | Found Qyq Kounk's Book Emporium.
 10911 | D:11     | Noticed a boulder beetle
 10935 | D:11     | Killed a boulder beetle
 11208 | Lair:1   | Entered Level 1 of the Lair of Beasts
 11251 | Lair:1   | Identified 3 scrolls of acquirement
 11251 | Lair:1   | Acquired a +1 broad axe of venom
 11253 | Lair:1   | Acquired a manual of Axes
 11255 | Lair:1   | Acquired a +2 pair of gloves of stealth
 11540 | Lair:1   | Reached ****** piety under Okawaru
 11555 | Lair:1   | Acquired the +4 broad axe of the Chewing Puffin {freeze,
                  | rC- Str+4 Int+3 Dex+4}
 11555 | Lair:1   | Received a gift from Okawaru
 11678 | Lair:1   | Reached skill level 11 in Axes
 11891 | Lair:1   | Reached skill level 1 in Spellcasting
 12142 | Lair:1   | Noticed Jeremiah
 12191 | Lair:1   | Killed Jeremiah
 12281 | Lair:1   | Reached XP level 12. HP: 56/100 MP: 11/14
 12769 | Lair:2   | Received a gift from Okawaru
 12774 | Lair:2   | Reached skill level 12 in Axes
 12947 | Lair:2   | Found a staircase to the Snake Pit.
 13231 | Lair:1   | Acquired the +11 gold dragon scales of Erusal {Harm rPois
                  | rF+ rC+ rCorr SInv}
 13231 | Lair:1   | Received a gift from Okawaru
 13608 | Lair:2   | Reached skill level 13 in Axes
 13622 | Lair:2   | Noticed Erica
 13627 | Lair:2   | Killed Erica
 13627 | Lair:2   | Received a gift from Okawaru
 13748 | Lair:2   | Found a staircase to the Swamp.
 14133 | Lair:3   | Reached skill level 10 in Armour
 14140 | Lair:3   | Received a gift from Okawaru
 14141 | Lair:3   | Reached skill level 14 in Axes
 14156 | Lair:3   | Reached XP level 13. HP: 58/119 MP: 16/16
 14605 | Lair:3   | Acquired the ring "Trusted Companion" {rElec rF+ rC+ Str+6
                  | Dex-3}
 15218 | Lair:4   | Found a dark tunnel.
 15263 | Lair:4   | Received a gift from Okawaru
 15336 | Lair:4   | Found a staircase to the Slime Pits.
 15395 | Volcano  | Entered a volcano
 15472 | Volcano  | Reached skill level 15 in Axes
 15512 | Volcano  | Found a bloodstained altar of Trog.
 15720 | Volcano  | Identified the +0 robe of the Apprentice {Str-2 Int+3 SInv}
 15824 | Lair:4   | Received a gift from Okawaru
 16111 | Lair:4   | Noticed Sonja
 16137 | Lair:4   | Killed Sonja
 16181 | Lair:4   | Found a runed translucent door.
 16184 | Lair:4   | Noticed a reaper
 16209 | Lair:4   | Killed a reaper
 16214 | Lair:4   | Identified the +4 great sword of Jamoig {speed, rN++}
 16522 | Lair:5   | Entered Level 5 of the Lair of Beasts
 16631 | Lair:5   | Received a gift from Okawaru
 16638 | Lair:5   | Reached skill level 16 in Axes
 16861 | Lair:5   | Received a gift from Okawaru
 17044 | Lair:5   | Reached XP level 14. HP: 129/130 MP: 18/18
 17152 | Lair:5   | Identified the +2 robe of Pleasant Breezes {rN++ Str+5
                  | Int-2}
 17156 | Lair:5   | Identified the +3 plate armour of the Baku {MP-9 Str+6
                  | Int+4}
 17563 | Lair:5   | Received a gift from Okawaru
 17847 | Lair:5   | Identified the +0 helmet "Vugem" {rN+ Str+2 Dex+2 SInv}
 18412 | Orc:1    | Entered Level 1 of the Orcish Mines
 18412 | Orc:1    | Found Jemih's Distillery.
 18509 | Orc:1    | Found Igatoh Elau's Book Shoppe.
 18613 | Orc:1    | Reached skill level 17 in Axes
 18646 | Orc:1    | Found Weoniw's Assorted Antiques.
 18677 | Orc:1    | Found Siabrua's Weapon Boutique.
 18710 | Orc:1    | Found Wan Xuet's Assorted Antiques.
 19105 | D:7      | Bought a potion of haste for 120 gold pieces
 19105 | D:7      | Bought a potion of enlightenment for 60 gold pieces
 19105 | D:7      | Bought a scroll of teleportation for 36 gold pieces
 19105 | D:7      | Bought a scroll of blinking for 90 gold pieces
 19185 | Orc:2    | Entered Level 2 of the Orcish Mines
 19191 | Orc:2    | Noticed Saint Roka
 20155 | Orc:2    | Reached skill level 10 in Shields
 20164 | Orc:2    | Reached skill level 5 in Necromancy
 20174 | Orc:2    | Slain by Saint Roka

Illustrated notes

Levels and vault maps discovered:
D:1:      kennysheep_arrival_seaside, layout_loops_ring, hangedman_glass_teeth,
          nicolae_kite_square_tiling_tiny
D:2:      layout_basic, dreamdust_ecumenical_altar_hidden_monk_grotto,
          kennysheep_flooded_box, grunt_ministairs_4
D:3:      layout_basic, mainiacjoe_overflow_catwalk,
          nicolae_wu_jian_glorious_leap, minmay_misc_feat_four_crosses
D:4:      nicolae_cairo_tiling_large_dashed, layout_cave_pools,
          mainiacjoe_overflow_chevrons, kennysheep_generic_room_2
D:5:      layout_cave_pods, minitemple, minmay_temple_entry_purple_smoke,
          nicolae_shop_i_like_big_books
D:6:      layout_loops_cross, mainiacjoe_overflow_alcove_4, serial_shops,
          nicolae_shop_peninsula, uniq_menkaure
D:7:      layout_basic, mainiacjoe_overflow_brackets, grunt_ministairs_6,
          nicolae_island_escapes
D:8:      layout_rooms, nzn_overflow_gifts_of_might_and_magic,
          lemuel_zombie_altar_kikubaaqudgha, mainiacjoe_overflow_catwalk_spiral,
          minmay_checkerbox
D:9:      layout_gridville, zin_angel, gammafunk_ghost_nasty_kobolds,
          serial_shops, shop
D:10:     layout_basic, nicolae_overflow_squiral,
          mainiacjoe_overflow_tiny_flanked, minmay_orc_entry_guard_dogs,
          uniq_harold
D:11:     layout_loops_ring, erik_lair_dragon, serial_shops,
          kennysheep_little_box, minmay_fountain_box
Temple:   nicolae_temple_panitentiary
Lair:1:   layout_chaotic_city, nicolae_lair_lil_pond, uniq_jeremiah
Lair:2:   hellmonk_destroyed_diamonds, layout_cave_pods,
          minmay_swamp_entry_swarm, alex1729_snake_entry_snake, evilmike_ambush
          [evilmike_ambush_outer_pillars, evilmike_ambush_inner_basic],
          uniq_erica
Lair:3:   layout_layer_cave
Lair:4:   layout_regular_city, dpeg_slime_entry_enclosed, enter_volcano_3,
          pdpol_lair_cabin_in_the_woods, uniq_sonja
Lair:5:   minmay_lair_end_enchanted_forest, layout_small_grid, serial_bayou,
          serial_bayou_lagoon_a, serial_bayou_pond_c, serial_bayou_pond_b,
          serial_bayou_shore_b, grunt_forest_large_clearings,
          serial_bayou_shore_a, infiniplex_staircase_pool_2
Orc:1:    layout_caves, serial_shops, nicolae_shop_pleasant_corner_grove, shop,
          shop, shop, shop, nicolae_orc_stony_grotto
Orc:2:    pubby_orc_utopia, uniq_saint_roka, uniq_erolcha

Skill      XL: |  1  2  3  4  5  6  7  8  9 10 11 12 13 14 |
---------------+-------------------------------------------+-----
Fighting       | 4 5 6 7 8 10 11 12 13 14 | 14.4
Shields        | 4 5 6 9 10 | 10.0
Armour         | 4 5 6 8 10 12 | 12.5
Axes           | 3 4 5 6 8 9 11 14 16 17 | 17.3
Throwing       | 1 2 3 4 5 6 7 8 |  8.0
Dodging        | 3 5 6 7 |  7.0
Invocations    | 2 4 |  4.5
Evocations     | 1 3 4 |  4.5
Necromancy     | 2 3 4 5 |  5.0
Spellcasting   | 1 2 3 4 |  4.0

Action                     |  1- 3 |  4- 6 |  7- 9 | 10-12 | 13-15 || total
---------------------------+-------+-------+-------+-------+-------++-------
  Melee: War axe           |   108 |   111 |   264 |   226 |       ||   709
         Headbutt          |     8 |    20 |    47 |    91 |    69 ||   235
         Broad axe         |       |       |       |   202 |   375 ||   577
  Throw: Boomerang         |       |       |     4 |     5 |       ||     9
         Javelin           |       |       |     1 |     5 |     3 ||     9
 Invoke: Heroism           |       |       |       |     5 |     5 ||    10
         Receive Weapon    |       |       |       |     1 |       ||     1
         Receive Armour    |       |       |       |     1 |       ||     1
         Finesse           |       |       |       |       |     1 ||     1
  Evoke: Wand              |       |       |     4 |     4 |     7 ||    15
    Use: Scroll            |       |     9 |     1 |    14 |     7 ||    31
         Potion            |       |     1 |     1 |     1 |       ||     3
 Armour: Scale mail        |    90 |    70 |   268 |    21 |       ||   449
         Acid dragon scale |       |       |       |   347 |       ||   347
         Gold dragon scale |       |       |       |    95 |   358 ||   453
  Dodge: Dodged            |    59 |    46 |   191 |   274 |   139 ||   709
  Block: Buckler           |    26 |    30 |    87 |   118 |   104 ||   365

Table legend: (Time is in decaauts)
 A = Elapsed time spent in this place.
 B = Non-inter-level travel time spent in this place.
 C = Inter-level travel time spent in this place.
 D = Time resting spent in this place.
 E = Time spent auto-exploring this place.
 F = Levels seen in this place.
 G = Mean time per level.
                   A        B        C        D        E       F      G
               +--------+--------+--------+--------+--------+-----+--------+
         Total |  20290 |  19302 |    988 |    594 |  15533 |  20 | 1014.5 |
       Dungeon |  11614 |  11016 |    598 |     20 |   9184 |  11 | 1055.8 |
        Temple |     34 |      1 |     33 |      0 |      0 |   1 |   34.0 |
          Lair |   6702 |   6468 |    234 |      0 |   5461 |   5 | 1340.4 |
  Orcish Mines |   1558 |   1436 |    122 |    574 |    693 |   2 |  779.0 |
       Volcano |    380 |    380 |      0 |      0 |    195 |   1 |  380.0 |
               +--------+--------+--------+--------+--------+-----+--------+

Top non-repeatable levels by time:
    D:11: 1686 daAuts
  Lair:5: 1661 daAuts
  Lair:1: 1656 daAuts
    D:10: 1632 daAuts
   Orc:1: 1274 daAuts
  Lair:3: 1219 daAuts
     D:8: 1218 daAuts
  Lair:2: 1211 daAuts
     D:7: 954 daAuts
  Lair:4: 952 daAuts
     D:2: 936 daAuts
     D:9: 935 daAuts
     D:6: 907 daAuts
     D:1: 906 daAuts
     D:5: 905 daAuts
